 Dungeon Crawl Stone Soup version 0.20.1-1-g8b1a95d (webtiles) character file.

7388 vineage the Grappler (level 10, 0/92 HPs)
             Began as a Troll Fighter on Aug 19, 2017.
             Was a Priest of the Shining One.
             Slain by a killer bee (2 damage)
             ... on level 10 of the Dungeon.
             The game lasted 00:12:38 (6755 turns).

vineage the Grappler (Troll Fighter)                Turns: 6755, Time: 00:12:40

Health: 0/92       AC:  5    Str: 28    XL:     10   Next: 92%
Magic:  9/9        EV: 16    Int:  4    God:    the Shining One [***...]
Gold:   221        SH: 10    Dex: 10    Spells: 9/9 levels left

rFire    + . .     SeeInvis .     - Unarmed
rCold    . . .     Gourm    +   b - +0 shield
rNeg     + . .     Faith    .   a - +0 robe
rPois    .         Spirit   .   (helmet restricted)
rElec    .         Reflect  .   (no cloak)
rCorr    .         Harm     .   (gloves unavailable)
MR       .....                  (boots unavailable)
Stlth    +.........             (no amulet)
Regen    0.7/turn               h - ring of protection from fire
MPRegen  0.2/turn               A - +5 ring of evasion

@: glowing
A: unfitting armour, claws 3, deterioration 1, fast metabolism 3, gourmand,
regeneration 1, shaggy fur 1, tough skin 2, wild magic 1, MP-powered wands
a: Divine Shield, Renounce Religion


You were on level 10 of the Dungeon.
You worshipped the Shining One.
The Shining One was most pleased with you.
You were not hungry.

You visited 1 branch of the dungeon, and saw 10 of its levels.

You collected 357 gold pieces.
You spent 136 gold pieces at shops.

Inventory:

Hand Weapons
 i - the +6 mace "Zuwne" {drain, +Inv rF+ MR+}
   (You found it on level 4 of the Dungeon)

   A truly terrible weapon, it drains the life of those it strikes.
   It protects you from fire.
   It affects your resistance to hostile enchantments.
   It lets you turn invisible.
   The Shining One disapproves of the use of such an item.
 y - the +1 falchion "Umyagg" {pain, *Contam rN+ Dex+4}
   (You bought it in a shop on level 4 of the Dungeon)

   In the hands of one skilled in necromantic magic, it inflicts extra damage on
   living creatures.
   It affects your dexterity (+4).
   It protects you from negative energy.
   It causes magical contamination when unequipped.
   The Shining One disapproves of the use of such an item.
Armour
 a - a +0 robe (worn)
 b - a +0 shield (worn)
Jewellery
 g - an uncursed ring of ice
 h - a ring of protection from fire (left claw)
 A - a +5 ring of evasion (right claw)
Wands
 m - a wand of confusion (15/48)
 r - a wand of acid (5/15)
 B - a wand of iceblast (7/15)
 C - a wand of paralysis (12/24)
 F - a wand of iceblast (3/15)
 N - a wand of enslavement (11/24)
Scrolls
 k - 8 scrolls of amnesia
 n - a scroll of teleportation
 q - a scroll of fear {unknown}
 v - 2 scrolls of enchant armour {unknown}
 x - 2 scrolls of magic mapping {unknown}
 z - 2 scrolls of remove curse
 D - 2 scrolls of immolation {unknown}
 G - 2 scrolls of blinking
 H - 2 scrolls of fog {unknown}
 I - a scroll of torment {unknown}
 J - a scroll of identify
 M - a scroll of recharging {unknown}
Potions
 c - 3 potions of might
 e - a potion of haste
 f - 2 potions of brilliance
 l - a potion of magic {unknown}
 p - a potion of mutation {unknown}
 s - a potion of cancellation {unknown}
 t - 2 potions of curing
 E - a potion of agility
 K - a potion of berserk rage {unknown}
Books
 u - a book of Misfortune

   Spells                             Type                      Level
   a - Confusing Touch                Hexes                        1
   b - Confuse                        Hexes                        3
   c - Gell's Gravitas                Translocation                3
   d - Petrify                        Transmutation/Earth          4
   e - Metabolic Englaciation         Hexes/Ice                    5
   f - Yara's Violent Unravelling     Hexes/Transmutation          5
 O - a book of Flames

   Spells                             Type                      Level
   a - Flame Tongue                   Conjuration/Fire             1
   b - Throw Flame                    Conjuration/Fire             2
   c - Conjure Flame                  Conjuration/Fire             3
   d - Inner Flame                    Hexes/Fire                   3
   e - Sticky Flame                   Conjuration/Fire             4
   f - Fireball                       Conjuration/Fire             5
Comestibles
 d - 6 bread rations
 o - a meat ration
 w - a royal jelly
 L - 5 fruits


   Skills:
 + Level 3.9 Fighting
 + Level 6.8 Dodging
 + Level 1.9 Stealth
 + Level 6.1 Shields
 + Level 12.3 Unarmed Combat


You had 9 spell levels left.
You didn't know any spells.

Dungeon Overview and Level Annotations

Branches:
Dungeon (10/15)              Lair (0/6) D:8             Orc (0/2) D:9
 Temple: D:4-7

Altars:
Ashenzari
Cheibriados
Dithmenos
Hepliaklqana
Sif Muna
Trog
The Shining One
Beogh

Shops:
D:4 (   D:9 =


Innate Abilities, Weirdness & Mutations

You are too large for most types of armour.
You have claws for hands.
Your metabolism is lightning-fast.
You like to eat raw meat.
Your natural rate of healing is unusually fast.
You are covered in fur. (AC +1)
You have very tough skin. (AC +2)
Your body sometimes deteriorates upon taking damage.
Your spells are a little harder to cast, but a little more powerful.
You expend magic power (3 MP) to strengthen your wands.


Message History

The killer bee stings you but does no damage.
You block the killer bee's attack.
The killer bee stings you but does no damage.
The killer bee misses you. The killer bee stings you.
* * * LOW HITPOINT WARNING * * *
The killer bee stings you!
* * * LOW HITPOINT WARNING * * *
You feel better. The killer bee closely misses you.
You block the killer bee's attack. x3; The killer bee barely misses you.
The killer bee closely misses you. You block the killer bee's attack.
The killer bee stings you!
* * * LOW HITPOINT WARNING * * *
Okay, then.
You fail to use your ability.
You block the killer bee's attack. The killer bee stings you.
* * * LOW HITPOINT WARNING * * *
The killer bee stings you.
* * * LOW HITPOINT WARNING * * *
The killer bee stings you.
You die...

#..........#
#..........#
#..........#
####.........$#
..............#
#...........#
#.[........#
#.y†# ##y@#
#yy# #[.# #.##
.. #.. ... ....


You could see 4 killer bees.

Vanquished Creatures
  3 two-headed ogres
  Pikel (D:8)
  A queen bee (D:10)
  A troll (D:9)
  Prince Ribbit (D:5)
  Grinder (D:5)
  Eustachio (D:6)
  2 wargs (D:8)
  3 orc warriors
  A slave (D:8)
  3 sky beasts
  4 ogres
  4 phantoms
  2 centaurs
  4 bullfrogs
  A gnoll sergeant (D:9)
  15 killer bees
  7 howler monkeys
  3 crimson imps
  A hound (D:9)
  A centaur skeleton (D:5)
  2 bullfrog zombies
  7 orc priests
  Ijyb (D:5)
  9 orc wizards
  2 iguanas
  7 worker ants
  A hound zombie (D:5)
  A howler monkey zombie (D:7)
  A mummy (D:8)
  5 gnolls
  A howler monkey skeleton (D:5)
  5 adders
  2 shadow imps
  An ooze (D:4)
  An adder skeleton (D:6)
  3 worms
  A dart slug (D:2)
  7 leopard geckos
  36 orcs
  A bat skeleton (D:8)
  3 giant cockroaches
  4 hobgoblins
  11 jackals
  4 quokkas
  2 ball pythons
  6 bats
  4 frilled lizards
  2 goblins
  6 kobolds
  A leopard gecko zombie (D:8)
  6 rats
203 creatures vanquished.

Notes
Turn   | Place    | Note
-------+----------+-------------------------------------------
     0 | D:1      | vineage the Troll Fighter began the quest for the Orb.
     0 | D:1      | Reached XP level 1. HP: 22/22 MP: 0/0
    17 | D:1      | HP: 1/22 [gnoll/flail (11)]
    19 | D:1      | Reached XP level 2. HP: 2/29 MP: 1/1
   447 | D:2      | Reached XP level 3. HP: 35/36 MP: 2/2
  1489 | D:3      | Reached XP level 4. HP: 31/44 MP: 3/3
  1501 | D:3      | Reached skill level 3 in Unarmed Combat
  1935 | D:4      | Reached XP level 5. HP: 49/52 MP: 4/4
  2045 | D:4      | Noticed an ogre
  2056 | D:4      | Killed an ogre
  2056 | D:4      | Reached skill level 4 in Unarmed Combat
  2083 | D:4      | Noticed an ogre
  2091 | D:4      | Killed an ogre
  2091 | D:4      | Reached XP level 6. HP: 18/59 MP: 5/5
  2166 | D:4      | Found a glowing golden altar of the Shining One.
  2254 | D:4      | Became a worshipper of the Shining One
  2293 | D:4      | Got a polished mace
  2294 | D:4      | Identified the +6 mace "Zuwne" {drain, +Inv rF+ MR+} (You found it on level 4 of the Dungeon)
  2529 | D:4      | Reached skill level 5 in Unarmed Combat
  2689 | D:4      | Reached XP level 7. HP: 67/67 MP: 6/6
  2799 | D:4      | Found Ciuddoig's Antique Weapon Emporium.
  2820 | D:4      | Bought an ancient falchion for 136 gold pieces
  2820 | D:4      | Identified the cursed +1 falchion "Umyagg" {pain, *Contam rN+ Dex+4} (You bought it in a shop on level 4 of the Dungeon)
  2861 | D:4      | Gained mutation: You expend magic power (3 MP) to strengthen your wands. [mutagenic glow]
  2896 | D:5      | Entered Level 5 of the Dungeon
  3013 | D:5      | Noticed Grinder
  3029 | D:5      | Paralysed by Grinder for 3 turns
  3033 | D:5      | Killed Grinder
  3049 | D:5      | Reached skill level 6 in Unarmed Combat
  3086 | D:5      | Gained mutation: Your body sometimes deteriorates upon taking damage. [mutagenic meat]
  3087 | D:5      | Gained mutation: Your spells are a little harder to cast, but a little more powerful. [mutagenic meat]
  3116 | D:5      | Reached skill level 1 in Stealth
  3116 | D:5      | Reached XP level 8. HP: 58/75 MP: 7/7
  3275 | D:5      | Reached * piety under the Shining One
  3293 | D:5      | Reached skill level 7 in Unarmed Combat
  3501 | D:5      | Noticed Prince Ribbit
  3666 | D:5      | Noticed Ijyb
  3671 | D:5      | Killed Ijyb
  4006 | D:5      | Killed Prince Ribbit
  4231 | D:6      | Reached skill level 8 in Unarmed Combat
  4245 | D:6      | Found a deep blue altar of Sif Muna.
  4262 | D:6      | Noticed Eustachio
  4271 | D:6      | Killed Eustachio
  4301 | D:6      | Reached skill level 5 in Dodging
  4592 | D:6      | Found a bloodstained altar of Trog.
  4767 | D:7      | Reached XP level 9. HP: 52/83 MP: 8/8
  4906 | D:7      | Reached skill level 9 in Unarmed Combat
  5311 | D:7      | Reached skill level 5 in Shields
  5492 | D:8      | Noticed a two-headed ogre
  5509 | D:8      | Killed a two-headed ogre
  5509 | D:8      | Reached skill level 10 in Unarmed Combat
  5707 | D:8      | Found a snail-covered altar of Cheibriados.
  5747 | D:8      | Noticed Pikel
  5756 | D:8      | Killed Pikel
  5756 | D:8      | Reached XP level 10. HP: 78/92 MP: 9/9
  5770 | D:8      | Found a staircase to the Lair.
  5770 | D:8      | Reached ** piety under the Shining One
  5803 | D:8      | Reached skill level 11 in Unarmed Combat
  5946 | D:8      | Found a hazy altar of Hepliaklqana.
  5947 | D:8      | Found a shadowy altar of Dithmenos.
  6007 | D:8      | Noticed a two-headed ogre
  6013 | D:8      | Killed a two-headed ogre
  6226 | D:9      | Noticed a two-headed ogre
  6233 | D:9      | Killed a two-headed ogre
  6391 | D:9      | Found a staircase to the Orcish Mines.
  6396 | D:9      | Found a roughly hewn altar of Beogh.
  6475 | D:9      | Reached *** piety under the Shining One
  6495 | D:9      | Found Mozaes Lexef's Jewellery Emporium.
  6505 | D:9      | Found a shattered altar of Ashenzari.
  6588 | D:9      | Reached skill level 12 in Unarmed Combat
  6722 | D:10     | Entered Level 10 of the Dungeon
  6755 | D:10     | HP: 2/92 [killer bee (6)]
  6755 | D:10     | Slain by a killer bee

Skill      XL: |  1  2  3  4  5  6  7  8  9 10 |
---------------+-------------------------------+-----
Dodging        | 3 4 5 6 |  6.8
Shields        | 3 4 5 6 |  6.1
Unarmed Combat | 3 4 5 6 8 10 12 | 12.3
Fighting       | 3 |  3.9
Stealth        | 1 |  1.9

Action                   |  1- 3 |  4- 6 |  7- 9 | 10-12 || total
-------------------------+-------+-------+-------+-------++-------
Melee: Unarmed           |   133 |    99 |   234 |   147 ||   613
  Use: Potion            |       |     2 |       |     4 ||     6
       Scroll            |       |       |     9 |       ||     9
  Eat: Chunk             |     8 |     4 |    27 |     4 ||    43
       Bread ration      |     1 |       |       |       ||     1
       Meat ration       |       |     1 |     1 |       ||     2
       Royal jelly       |       |       |     1 |     1 ||     2
Armor: Robe              |    52 |    27 |    39 |    16 ||   134
       Skin              |       |     1 |       |       ||     1
Dodge: Dodged            |    46 |    34 |    66 |    94 ||   240
Block: Shield            |    48 |    42 |    87 |    93 ||   270
